 Dungeon Crawl Stone Soup version 0.17.1-2-g5865329 (webtiles) character file.

3 pipel the Sneak (level 1, -22/16 HPs)
             Began as a Formicid Assassin on Jan 30, 2016.
             Killed from afar by Harold (29 damage)
             ... with a bolt of fire
             ... on level 10 of the Dungeon.
             The game lasted 00:02:23 (322 turns).

pipel the Sneak (Formicid Assassin)                  Turns: 322, Time: 00:02:24

Health: -22/16     AC:  3    Str: 15    XL:     1   Next: 55%
Magic:  1/1        EV: 11    Int: 12    God:
Gold:   16         SH:  0    Dex: 12    Spells: 0 memorised, 0 levels left

rFire  . . .     SeeInvis +     a - +2 dagger
rCold  . . .     Clarity  .     c - +0 robe
rNeg   . . .     SustAt   .     (no shield)
rPois  .         Gourm    .     (helmet unavailable)
rElec  .         Spirit   .     d - +0 cloak
rCorr  .         Warding  .     (no gloves)
rMut   .         Stasis   +     (no boots)
MR     .....                    (no amulet)
Stlth  +++.......               (no ring)
                                i - +2 ring of intelligence

@: not resistant to hostile enchantments, fairly stealthy
A: permanent stasis, dig shafts and tunnels, four strong arms, antennae 3
a: Dig, Shaft Self


You were on level 10 of the Dungeon.
You were not hungry.

You visited 1 branch of the dungeon, and saw 7 of its levels.

You collected 16 gold pieces.

Inventory:

Hand Weapons
 a - a +2 dagger (weapon)
 b - a +0 blowgun
Missiles
 e - 7 poisoned needles
Armour
 c - a +0 robe (worn)
 d - a +0 cloak (worn)
Jewellery
 i - a +2 ring of intelligence (left hand)
Scrolls
 h - 2 scrolls of enchant weapon {unknown}
 k - a scroll of teleportation {unknown}
Books
 j - a Young Poisoner's Handbook

   Spells                             Type                      Level
   a - Sting                          Conjuration/Poison           1
   b - Cure Poison                    Poison                       2
   c - Mephitic Cloud                 Conjuration/Poison/Air       3
   d - Olgreb's Toxic Radiance        Poison                       4
   e - Venom Bolt                     Conjuration/Poison           5
Comestibles
 g - a bread ration
 l - a meat ration


   Skills:
 - Level 2.1 Fighting
 - Level 2.0 Short Blades
 - Level 1.5 Throwing
 - Level 0.8 Dodging
 * Level 5.0 Stealth
 + Level 0.2 Spellcasting


You couldn't memorise any spells.
You didn't know any spells.

Dungeon Overview and Level Annotations

Branches:
Dungeon (10/15)
 Temple: D:4-7         Lair: D:8-11         Orc: D:9-12

Altars:
Kikubaaqudgha

Annotations:
D:10 Harold


Innate Abilities, Weirdness & Mutations

You are under a permanent stasis effect.
You can dig through walls and to a lower floor.
Your four strong arms can wield two-handed weapons with a shield.
You have a pair of large antennae on your head (SInv).


Message History

The troll seems to be slow for longer.
The troll is moderately wounded.
Harold throws a throwing net.
The throwing net hits you.
You become entangled in the net!
You struggle against the net.
You try to slip out of the net.
You try to slip out of the net.
Harold hits you but does no damage.
Wield which item (- for none, * to show all)? (? for menu, Esc to quit)
You are already wielding that!
Wield which item (- for none, * to show all)? (? for menu, Esc to quit)
a - a +2 dagger (weapon)
Unknown command.
You slip out of the net!
Harold hits you with a mace of protection!
Ouch! That really hurt!
The worker ant barely misses you.
Harold points at you and mumbles some strange words.
The bolt of fire hits you!
Ouch! That really hurt!
You die...

..# ..# ..# .
#.#####..
#........
#........
#........
#@.......
#(a..$...
.......@.?.....
......T........
.........#####.
.......###
....... .....(.
.......


You could see Harold, a troll and a worker ant.

Vanquished Creatures
  3 jackals (D:7)
3 creatures vanquished.

Notes
Turn   | Place    | Note
--------------------------------------------------------------
     0 | D:1      | pipel the Formicid Assassin began the quest for the Orb.
     0 | D:1      | Reached XP level 1. HP: 16/16 MP: 1/1
     4 | D:1      | You fall through a shaft!
    24 | D:3      | Found an ancient bone altar of Kikubaaqudgha.
    29 | D:3      | You fall through a shaft for 3 floors!
    50 | D:6      | You fall through a shaft!
    50 | D:7      | Noticed a sky beast
    74 | D:7      | Reached skill level 5 in Stealth
   298 | D:7      | Noticed a water moccasin
   301 | D:7      | You fall through a shaft!
   314 | D:8      | You fall through a shaft for 2 floors!
   314 | D:10     | Entered Level 10 of the Dungeon
   314 | D:10     | Noticed Harold
   314 | D:10     | Noticed a troll
   316 | D:10     | Noticed a worker ant
   322 | D:10     | Killed from afar by Harold

Action                   || total
-------------------------++-------
Melee: Dagger            ||    14
 Fire: Blowgun           ||     6
 Abil: Shaft Self        ||     5
       Dig               ||     1
